 Dungeon Crawl Stone Soup version 0.24.0-125-gc4c63601f3 (webtiles) character file.

Game seed: 4180931512744441488, levelgen mode: deterministic

234 Kniotic the Insei (level 5, -3/41 HPs)
             Began as a Demonspawn Monk on Feb 17, 2020.
             Killed from afar by a white imp (4 damage)
             ... with a puff of frost
             ... summoned by Eustachio
             ... on level 4 of the Dungeon.
             The game lasted 00:08:29 (3829 turns).

Kniotic the Insei (Demonspawn Monk)                 Turns: 3829, Time: 00:08:32

Health: -3/41      AC:  4    Str: 11    XL:     5   Next: 75%
Magic:  5/5        EV: 13    Int: 16    God:
Gold:   130        SH:  0    Dex: 17    Spells: 4/4 levels left

rFire    . . .     SeeInvis .     - Unarmed
rCold    . . .     Gourm    .   (no shield)
rNeg     . . .     Faith    .   a - +0 robe
rPois    .         Spirit   .   (no helmet)
rElec    .         Reflect  .   (no cloak)
rCorr    .         Harm     .   (no gloves)
MR       .....                  (no boots)
Stlth    ++........             (no amulet)
HPRegen  0.13/turn              (no ring)
MPRegen  0.09/turn              (no ring)

@: brilliant, hasted, very quick
A: hooves 1, yellow scales 1, foul stench 1, rot immunity
a: no special abilities


You were on level 4 of the Dungeon.
You were very hungry.

You visited 1 branch of the dungeon, and saw 4 of its levels.

You collected 130 gold pieces.

Inventory:

Armour
 a - a +0 robe (worn)
Jewellery
 i - an uncursed ring of magical power {unknown}
 l - an uncursed ring of magical power {unknown}
Wands
 r - a wand of iceblast (5)
Scrolls
 c - a scroll of magic mapping {unknown}
 d - 3 scrolls of remove curse {unknown}
 g - 2 scrolls of enchant weapon {unknown}
 m - a scroll of fear {unknown}
 o - 3 scrolls of teleportation {unknown}
 s - a scroll of random uselessness {unknown}
 t - a scroll of identify {unknown}
Potions
 e - a potion of brilliance
 f - a potion of cancellation {unknown}
 h - a potion of heal wounds {unknown}
 j - a potion of degeneration {unknown}
 k - a potion of haste
 n - 2 potions of ambrosia {unknown}
 p - a potion of berserk rage {unknown}
 q - a potion of flight {unknown}
Comestibles
 b - 4 rations


   Skills:
 - Level 3.0 Fighting
 - Level 2.6 Dodging
 - Level 1.7 Stealth
 + Level 6.0 Unarmed Combat


You had 4 spell levels left.
You didn't know any spells.
Your spell library was empty.

Dungeon Overview and Level Annotations

Branches:
Dungeon (4/15)
 Temple: D:4-7

Altars:
Okawaru
Sif Muna

Annotations:
D:4 Eustachio


Innate Abilities, Weirdness & Mutations

You have large cloven feet.
You are partially covered in yellow scales. (AC +2)
You may emit foul miasma when damaged in melee.
You are immune to rotting.


Message History

The puff of frost misses you.
The puff of frost hits the crimson imp.
The crimson imp is frozen!
It was a potion of brilliance.
You feel clever all of a sudden. The bat closely misses you.
The crimson imp hits you but does no damage.
The rat bites you but does no damage.
Eustachio mumbles some strange words.
Eustachio blinks!
The white imp closely misses you. The white imp hits you.
* * * LOW HITPOINT WARNING * * *
The white imp freezes you.
* * * LOW HITPOINT WARNING * * *
It was a potion of haste.
You feel yourself speed up. The bat barely misses you.
The bat hits you but does no damage. The crimson imp misses you.
The rat barely misses you.
Eustachio gestures wildly while chanting.
Eustachio blinks!
The white imp gestures at you. The puff of frost hits you.
You die...

#...... #....# #....#####
#......... ######.........
############...........@..
..................##......
......#####....5r.# ......
#####.####.....b@b# ######
.........#.....§55#
......##.#........# #####
########.###......# #...#
# #....# #.§....####.#.# #
#.#######..........#.#
#####..........#########.#
...##.........@# #.....#
...##..........# #.#####


You could see Eustachio, a crimson imp, 2 white imps, 2 bats and a rat.

Vanquished Creatures
  An orc priest (D:3)
  Jessica (D:2)
  A worker ant (D:2)
  6 adders
  4 worms (D:2)
  6 dart slugs
  A leopard gecko (D:2)
  5 orcs (D:3)
  5 giant cockroaches
  5 goblins
  5 hobgoblins
  6 jackals (D:3)
  9 kobolds
  A quokka (D:2)
  10 bats
  8 frilled lizards
  5 rats
79 creatures vanquished.

Notes
Turn   | Place    | Note
-------+----------+-------------------------------------------
     0 | D:1      | Kniotic the Demonspawn Monk began the quest for the Orb.
     0 | D:1      | Reached XP level 1. HP: 18/18 MP: 1/1
   150 | D:1      | Reached skill level 3 in Unarmed Combat
   266 | D:1      | Gained mutation: You are immune to rotting. [demonic
                  | ancestry]
   266 | D:1      | Reached XP level 2. HP: 21/24 MP: 2/2
  1012 | D:1      | Gained mutation: You have large cloven feet. [demonic
                  | ancestry]
  1012 | D:1      | Reached XP level 3. HP: 21/29 MP: 3/3
  1250 | D:2      | Reached skill level 4 in Unarmed Combat
  1484 | D:2      | Noticed Jessica
  1491 | D:2      | Killed Jessica
  1491 | D:2      | Gained mutation: You are partially covered in yellow
                  | scales. (AC +2) [demonic ancestry]
  1491 | D:2      | Reached XP level 4. HP: 35/35 MP: 4/4
  1932 | D:2      | Reached skill level 5 in Unarmed Combat
  2378 | D:2      | Found an iron altar of Okawaru.
  2390 | D:2      | Found a shimmering blue altar of Sif Muna.
  2475 | D:2      | Gained mutation: You may emit foul miasma when damaged in
                  | melee. [demonic ancestry]
  2475 | D:2      | Reached XP level 5. HP: 26/41 MP: 5/5
  3517 | D:3      | Reached skill level 6 in Unarmed Combat
  3782 | D:4      | Noticed Eustachio
  3828 | D:4      | HP: 1/41 [white imp[Eustachio] (3)]
  3829 | D:4      | Killed from afar by a white imp

Levels and vault maps discovered:
D:1:      dpeg_arrival_simpleton_a, layout_basic
D:2:      layout_basic, amethyst_overflow_temple_binary, first_ration,
          uniq_jessica
D:3:      layout_basic, minmay_misc_feat_alley
D:4:      layout_basic, cheibrodos_ashenzari_chains, uniq_eustachio

Skill      XL: |  1  2  3  4  5 |
---------------+----------------+-----
Unarmed Combat | 3 4 5 6 |  6.0
Fighting       | |  3.0
Dodging        | |  2.6
Stealth        | |  1.7

Action                   |  1- 3 |  4- 6 || total
-------------------------+-------+-------++-------
Melee: Unarmed           |   106 |   192 ||   298
       Kick              |     7 |    48 ||    55
       Punch             |     1 |     3 ||     4
  Use: Potion            |       |     2 ||     2
 Stab: Sleeping          |     6 |     2 ||     8
       Distracted        |       |     1 ||     1
  Eat: Chunk             |     2 |     6 ||     8
Armor: Robe              |    19 |    56 ||    75
Dodge: Dodged            |    66 |   140 ||   206
